 Dungeon Crawl Stone Soup version 0.31-a0-801-gc67433417a (webtiles) character file.

Game seed: 13482849511163233343

268 GordonOverkill the Sneak (level 6, -3/37 HPs)
             Began as a Deep Elf Delver on Sept 20, 2023.
             Slain by a phantom (4 damage)
             ... on level 4 of the Dungeon.
             The game lasted 00:02:43 (377 turns).

GordonOverkill the Sneak (Deep Elf Delver)           Turns: 377, Time: 00:02:43

Health: -3/37      AC:  3    Str:  9    XL:     6   Next: 1%
Magic:  13/15      EV: 12    Int: 17    God:
Gold:   21         SH:  0    Dex: 16    Spells: 14/14 levels left

rFire   . . .        a - +0 short sword
rCold   . . .        (no shield)
rNeg    . . .        b - +0 leather armour
rPois   .            (no helmet)
rElec   .            (no cloak)
rCorr   .            (no gloves)
SInv    .            (no boots)
Will    .....        (no amulet)
Stlth   +++          (no ring)
HPRegen 0.26/turn    (no ring)
MPRegen 0.14/turn

%: no passive effects
@: no status effects
A: no striking features
a: no special abilities


You were on level 4 of the Dungeon.
You visited 1 branch of the dungeon, and saw 3 of its levels.

You collected 21 gold pieces.

Inventory:

Hand Weapons
 a - a +0 short sword (weapon)
Armour
 b - a +0 leather armour (worn)
Wands
 g - a wand of digging (3)
Scrolls
 c - a scroll of fog
 d - a scroll of revelation


   Skills:
 - Level 3.0 Fighting
 - Level 2.0 Short Blades
 - Level 2.4 Dodging
 - Level 6.0 Stealth
 + Level 4.7 Spellcasting
 - Level 3.0 Conjurations
 - Level 3.0 Evocations


You had 14 spell levels left.
You didn't know any spells.
Your spell library was empty.

Dungeon Overview and Level Annotations

Branches:
Dungeon (6/15)
 Temple: D:4-7

Altars:


Message History

Okay, then.
You aren't carrying any potions.
Unknown command.
You hit the sleepcap.
The sleepcap is almost destroyed.
The sleepcap barely misses you.
You hit the sleepcap but do no damage.
The sleepcap is almost destroyed.
The sleepcap barely misses you.
You hit the sleepcap but do no damage.
The sleepcap is almost destroyed.
The sleepcap barely misses you.
You hit the sleepcap.
You destroy the sleepcap!
You have reached level 6!
Okay, then.
Okay, then.
You aren't carrying any potions.
Unknown command.
You hit the phantom.
The phantom is lightly damaged.
The phantom hits you.
* * * LOW HITPOINT WARNING * * *
The phantom blinks!
You blink.
You hit the phantom.
The phantom is moderately damaged.
You hit the phantom but do no damage.
The phantom is moderately damaged.
The phantom hits you.
* * * LOW HITPOINT WARNING * * *
The phantom blinks!
You blink.
You barely miss the phantom.
The phantom is moderately damaged.
The phantom hits you.
* * * LOW HITPOINT WARNING * * *
The phantom blinks!
You blink.
You miss the phantom.
The phantom is moderately damaged.
The phantom hits you.
You die...

### # ###.##
######.#
#...§####......#.#
#..@.§............
#...W####§######..
#.)..# #.#
#....####.#
###..)..§.#
########.....#
...... .....#
.r#...


You could see a phantom.

Vanquished Creatures
  An ice beast (D:5)
  An ogre (D:5)
  2 iguanas (D:6)
  A sleepcap (D:4)
  5 orcs
10 creatures vanquished.

Notes
Turn   | Place    | Note
-------+----------+-------------------------------------------
     0 | D:5      | GordonOverkill the Deep Elf Delver began the quest for the
                  | Orb.
     0 | D:5      | Reached XP level 1. HP: 13/13 MP: 3/3
    13 | D:6      | Noticed an iguana
    14 | D:6      | Killed an iguana
    15 | D:6      | Reached XP level 2. HP: 18/18 MP: 4/4
    31 | D:6      | Reached XP level 3. HP: 22/22 MP: 5/5
    61 | D:6      | Noticed an ogre
    62 | D:6      | Noticed a black bear
    65 | D:5      | Killed an ogre
    66 | D:5      | Reached skill level 1 in Conjurations
    66 | D:5      | Reached XP level 4. HP: 28/28 MP: 5/10
   126 | D:5      | Reached XP level 5. HP: 9/32 MP: 11/11
   202 | D:5      | Noticed an ice beast
   204 | D:5      | Killed an ice beast
   208 | D:5      | Noticed an ogre
   261 | D:4      | Noticed a phantom
   373 | D:4      | Reached XP level 6. HP: 5/37 MP: 13/15
   375 | D:4      | HP: 1/37 [phantom (1)]
   377 | D:4      | Slain by a phantom

Illustrated notes

Levels and vault maps discovered:
D:4:      layout_basic, uniq_eustachio
D:5:      minmay_polygon_palace, layout_loops_ring,
          lemuel_zombie_altar_yredelemnul, kennysheep_generic_room_4,
          uniq_blork_the_orc
D:6:      layout_basic, nicolae_qazlal_scattered_showers,
          mainiacjoe_overflow_catwalk_spiral

Skill      XL: |  1  2  3  4  5 |
---------------+----------------+-----
Evocations     | 2 3 |  3.0
Fighting       | 3 |  3.0
Spellcasting   | 3 4 |  4.7
Conjurations   | 1 2 3 |  3.0
Short Blades   | |  2.0
Dodging        | |  2.4
Stealth        | |  6.0

Action                     |  1- 3 |  4- 6 || total
---------------------------+-------+-------++-------
  Melee: Short sword       |     3 |    23 ||    26
  Evoke: Wand              |     5 |     9 ||    14
    Use: Potion            |       |     2 ||     2
         Scroll            |       |     1 ||     1
   Stab: Sleeping          |       |     1 ||     1
 Armour: Leather armour    |       |    20 ||    20
  Dodge: Dodged            |     3 |    20 ||    23

Table legend: (Time is in decaauts)
 A = Elapsed time spent in this place.
 B = Non-inter-level travel time spent in this place.
 C = Inter-level travel time spent in this place.
 D = Time resting spent in this place.
 E = Time spent auto-exploring this place.
 F = Levels seen in this place.
 G = Mean time per level.
                   A        B        C        D        E       F      G
               +--------+--------+--------+--------+--------+-----+--------+
         Total |    356 |    346 |     10 |    222 |      0 |   3 |  118.7 |
       Dungeon |    356 |    346 |     10 |    222 |      0 |   3 |  118.7 |
               +--------+--------+--------+--------+--------+-----+--------+

Top non-repeatable levels by time:
     D:5: 175 daAuts
     D:4: 133 daAuts
     D:6: 47 daAuts
